 Dungeon Crawl Stone Soup version 0.26-a0-490-gf8362a0c98 (webtiles) character file.

Game seed: 3587583117660255850

1 ANON1729 the Sneak (level 1, -2/19 HPs)
             Began as a Palentonga Delver on Aug 4, 2020.
             Slain by an adder (4 damage)
             ... on level 5 of the Dungeon.
             The game lasted 00:01:01 (156 turns).

ANON1729 the Sneak (Palentonga Delver)               Turns: 156, Time: 00:01:01

Health: -2/19      AC:  4    Str: 15    XL:     1   Next: 16%
Magic:  1/1        EV:  9    Int: 10    God:
Gold:   15         SH:  0    Dex: 11    Spells: 0/0 levels left

rFire    . . .     SeeInvis +   a - +0 falchion
rCold    . . .     Faith    .   (no shield)
rNeg     . . .     Spirit   .   b - +0 leather armour
rPois    .         Reflect  .   (no helmet)
rElec    .         Harm     .   (no cloak)
rCorr    .                      (no gloves)
MR       .....                  (boots restricted)
Stlth    ++........             (no amulet)
HPRegen  0.06/turn              (no ring)
MPRegen  0.07/turn              (no ring)

@: no status effects
A: large, rugged brown scales 3, see invisible, deformed body, roll, armoured
tail
a: Rolling Charge


You were on level 5 of the Dungeon.
You visited 1 branch of the dungeon, and saw 2 of its levels.

You collected 15 gold pieces.

Inventory:

Hand Weapons
 a - a +0 falchion (weapon)
Armour
 b - a +0 leather armour (worn)
Wands
 g - a wand of digging (3)
Scrolls
 c - a scroll of fog
 d - a scroll of magic mapping
 e - a scroll of fear
 h - a scroll of remove curse {unknown}
Potions
 f - a potion of haste


   Skills:
 + Level 3.0 Fighting
 + Level 2.0 Long Blades
 + Level 1.6 Dodging
 + Level 3.3 Stealth


You couldn't memorise any spells.
You didn't know any spells.
Your spell library was empty.

Dungeon Overview and Level Annotations

Branches:
Dungeon (6/15)
 Temple: D:4-7

Altars:
Okawaru

Annotations:
D:6 exclusion: worker ant


Innate Abilities, Weirdness & Mutations

You are completely covered in rugged brown scales. (AC +3, +7% HP)
You have supernaturally acute eyesight. (SInv)
Armour fits poorly on your strangely shaped body.
You can roll at foes to attack.
You have a long armoured tail.


Message History

An adder skeleton comes into view.
The orc shouts!
You hear a shout!
The adder skeleton bites you.
The orc priest mumbles some strange prayers to Beogh against you.
Pain shoots through your body!
Ouch! That really hurt!
* * * LOW HITPOINT WARNING * * *
The adder hisses angrily.
You hear a shout!
You hear an angry hiss. x2
An orc opens the door.
The adder skeleton bites you.
* * * LOW HITPOINT WARNING * * *
The adder bites you but does no damage.
Evoke which item? (* to show all) (? for menu, Esc to quit)
Okay, then.
You hit the adder.
The adder is lightly wounded.
The adder bites you.
* * * LOW HITPOINT WARNING * * *
The adder bites you.
You die...

#Z#
#..#.#...
#.#
##..... +
#.#
#######
#####.##
#...Z..#
#.###..#
#Z# #..#
#S# #..#
#@# #...
#.# ##.##
#.# .#
#.# .#
#.. ###


You could see an adder and an adder skeleton.

Vanquished Creatures
  A giant cockroach (D:6)
1 creature vanquished.

Notes
Turn   | Place    | Note
-------+----------+-------------------------------------------
     0 | D:5      | ANON1729 the Palentonga Delver began the quest for the Orb.
     0 | D:5      | Reached XP level 1. HP: 19/19 MP: 1/1
    22 | D:5      | Noticed an ogre
    70 | D:6      | Noticed a wight
    91 | D:6      | Noticed a worker ant
   132 | D:6      | Noticed an iguana
   134 | D:6      | Noticed a sky beast
   136 | D:5      | Found an iron altar of Okawaru.
   136 | D:5      | Noticed an orc priest
   156 | D:5      | Slain by an adder

Illustrated notes

Levels and vault maps discovered:
D:5:      layout_loops_corners, gammafunk_temple_overflow_pools,
          lemuel_doored_altar, minmay_temple_entry_trees, portal_sewer_entry_f,
          hangedman_decor_clover_reticule, okawaru_metal_pillars_1_2,
          uniq_prince_ribbit1
D:6:      layout_basic

Action                   || total
-------------------------++-------
Melee: Falchion          ||     3
 Stab: Sleeping          ||     1
Armor: Leather armour    ||     2

Table legend: (Time is in decaauts)
 A = Elapsed time spent in this place.
 B = Non-inter-level travel time spent in this place.
 C = Inter-level travel time spent in this place.
 D = Time resting spent in this place.
 E = Time spent auto-exploring this place.
 F = Levels seen in this place.
 G = Mean time per level.
                   A        B        C        D        E       F      G
               +--------+--------+--------+--------+--------+-----+--------+
         Total |    157 |    157 |      0 |      0 |     71 |   2 |   78.5 |
       Dungeon |    157 |    157 |      0 |      0 |     71 |   2 |   78.5 |
               +--------+--------+--------+--------+--------+-----+--------+

Top non-repeatable levels by time:
     D:6: 82 daAuts
     D:5: 75 daAuts
